 Dungeon Crawl Stone Soup version 0.31-a0-145-g046c7d2549 (webtiles) character file.

Game seed: 2389626045827106920

4706 Faragor the Thaumaturge (level 10, -4/50 HPs)
             Began as a Deep Elf Ice Elementalist on June 4, 2023.
             Was a Follower of Sif Muna.
             Slain by a yak (8 damage)
             ... on level 9 of the Dungeon.
             The game lasted 01:37:02 (15849 turns).

Faragor the Thaumaturge (DEIE)                     Turns: 15849, Time: 01:37:03

Health: -4/50      AC:  7    Str:  5    XL:     10   Next: 21%
Magic:  0/29       EV: 13    Int: 31    God:    Sif Muna [*.....]
Gold:   507        SH:  0    Dex: 15    Spells: 17/35 levels left

rFire   . . .        W - +2 long sword (holy)
rCold   . . .        (no shield)
rNeg    + . .        a - +0 robe
rPois   .            v - +0 helmet
rElec   .            l - +0 cloak
rCorr   .            (no gloves)
SInv    .            Y - +2 pair of boots
Will    +....        E - amulet of guardian spirit
Stlth   ++++         T - +6 ring of intelligence
HPRegen 0.28/turn    F - ring of positive energy
MPRegen 0.21/turn

%: guardian spirit
@: about to teleport
A: no striking features
a: Renounce Religion, Channel Magic


You were on level 9 of the Dungeon.
You worshipped Sif Muna.
Sif Muna was aware of your devotion.
You visited 1 branch of the dungeon, and saw 9 of its levels.
You also visited: Sewer.

You collected 507 gold pieces.

Inventory:

Hand Weapons
 f - a +2 falchion of electrocution
 p - a +0 dagger of flaming
 r - a +2 dagger of venom
 s - a +2 vampiric dagger
 A - a +1 dagger of speed
 P - a +2 short sword of venom
 Q - a +3 short sword
 W - a +2 long sword of holy wrath (weapon)
 X - a +1 war axe of electrocution
Missiles
 y - 5 curare-tipped darts
 z - 10 poisoned darts
Armour
 a - a +0 robe (worn)
 l - a +0 cloak (worn)
 v - a +0 helmet (worn)
 J - +0 acid dragon scales
 N - a +0 helmet
 Y - a +2 pair of boots (worn)
Magical Staves
 k - a staff of conjuration
 q - a staff of death
 u - a staff of death
 C - a staff of air
Jewellery
 g - a ring of resist corrosion
 m - a ring of fire
 B - a ring of positive energy
 E - an amulet of guardian spirit (around neck)
 F - a ring of positive energy (right hand)
 H - a ring of poison resistance
 S - a ring of flight
 T - a +6 ring of intelligence (left hand)
Wands
 G - a wand of light (6)
 L - a wand of polymorph (13)
 V - a wand of mindburst (19)
Scrolls
 d - 4 scrolls of blinking
 h - 2 scrolls of brand weapon
 i - 5 scrolls of identify
 o - 3 scrolls of magic mapping
 w - 3 scrolls of vulnerability
 x - a scroll of immolation
 I - 2 scrolls of noise
 K - a scroll of poison
Potions
 b - a potion of magic
 c - 2 potions of curing
 e - 3 potions of heal wounds
 n - a potion of resistance
 t - a potion of mutation
 D - 3 potions of might


   Skills:
 - Level 3.2 Dodging
 + Level 10.3 Stealth
 * Level 13.4 Spellcasting
 + Level 9.6 Ice Magic


You had 17 spell levels left.
You knew the following spells:

 Your Spells              Type           Power      Damage    Failure   Level
a - Freeze                Ice            100%       1d10      1%          1
b - Frozen Ramparts       Ice            100%       1d16      1%          3
c - Ozocubu's Armour      Ice            69%        N/A       1%          3
d - Summon Ice Beast      Ice/Summ       50%        N/A       3%          4
e - Apportation           Tloc           40%        N/A       2%          1
f - Hailstorm             Conj/Ice       50%        3d11      1%          3
g - Call Canine Familiar  Summ           20%        N/A       7%          3

Your spell library contained the following spells:

 Spells                   Type           Power      Damage    Failure   Level
 Necrotise                Necr           80%        1d8       2%          1
 Summon Small Mammal      Summ           80%        N/A       2%          1
 Portal Projectile        Hex/Tloc       40%        N/A       7%          3
 Vhi's Electric Charge    Tloc/Air       40%        N/A       7%          3
 Metabolic Englaciation   Hex/Ice        25%        N/A       9%          5
 Leda's Liquefaction      Hex/Erth       10%        N/A       22%         4
 Simulacrum               Ice/Necr       25%        N/A       43%         6
 Arcjolt                  Conj/Air       10%        1d20      54%         5
 Plasma Beam              Fire/Air       10%        2x1d21    98%         6


Dungeon Overview and Level Annotations

Branches:
Dungeon (9/15)             Temple (0/1) D:7           Sewer (visited)
   Lair: D:8-11         Orc: D:9-12

Altars:
Ashenzari
Fedhas
Gozag
Makhleb
Sif Muna
Xom

Shops:
D:2 [   D:9 *

Annotations:
D:4 1 runed translucent door & natasha a sinistra, Crazy Yiuf, Natasha
D:8 3 runed translucent doors, MrShunz's ghost, novice MiBe
D:9 altare


Message History

The yak dies!
Sif Muna accepts your kill.
Your life force feels restored.
You start resting.
Your ice beast disappears in a puff of smoke!
Your hound disappears in a puff of smoke!
HP restored.
You start resting.
Magic restored.
You start waiting.
Done waiting.
You see here a yak skeleton.
You see here a yak skeleton.
There is a stone staircase leading up, spattered with blood here.
You climb upwards.
Level annotation: 3 runed translucent doors, MrShunz's ghost, novice MiBe The yak barely misses you.
The yak gores you! The yak completely misses you. The yak barely misses you.
The yak misses you. The yak gores you!
There is a stone staircase leading down, spattered with blood here.
The yak bellows!
The yak gores you. x3
The white imp gestures at you. The puff of frost hits you.
You climb downwards.
Level annotation: altare
There is a stone staircase leading up, spattered with blood here.
Casting: Freeze (safe; 1% risk of failure)
Confirm with . or Enter, or press ? or * to list all spells.
Okay, then.
As you read the scroll of teleportation, it crumbles to dust.
You feel strangely unstable. The yak gores you. The yak closely misses you.
The yak gores you! The yak attacks as you move away! The yak barely misses you.
The yak gores you.
* * * LOW HITPOINT WARNING * * *
The yak gores you!
* * * LOW HITPOINT WARNING * * *
The yak attacks as you move away! The yak gores you!
* * * LOW HITPOINT WARNING * * *
The yak attacks as you move away! The yak gores you!
You die...

##### ####
#...## ##..###
#....###
#..#..###
#....@Y##
#..##...##
#....YY.##
##..###...#
##.......###...#
##...
##..÷.....#...#
##..
##..........##
##.
##.÷.......## ##
#...........# #
##...........#
####........#


You could see 3 yaks.

Vanquished Creatures
  A two-headed ogre (D:8)
  A deep elf zephyrmancer (D:6)
  A yak (D:9)
  2 water moccasins
  An orc warrior (D:6)
  A black bear (D:4)
  5 ogres
  A centaur (D:7)
  2 kobold brigands
  A bullfrog (D:6)
  2 scorpions
  A howler monkey (D:5)
  3 hounds
  3 jellies
  2 orc priests
  A sleepcap (D:7)
  2 gnoll boudas (D:6)
  5 iguanas
  4 orc wizards
  5 gnolls
  6 adders
  6 river rats (Sewer)
  A shadow imp (D:7)
  2 worms (D:2)
  5 dart slugs
  30 orcs
  3 bats
  7 endoplasms
  5 giant cockroaches
  7 hobgoblins
  3 jackals (D:5)
  22 kobolds
  4 quokkas
  11 ball pythons
  4 frilled lizards
  17 goblins
  21 rats
198 creatures vanquished.

Vanquished Creatures (collateral kills)
  A two-headed ogre (D:8)
  An unseen horror zombie (D:9)
  A yak (D:9)
  An acid dragon (D:9)
  A wight (D:9)
  A howler monkey (D:7)
  A centaur zombie (D:9)
  An orc priest (D:8)
  2 hounds (D:7)
  An orc wizard (D:9)
  5 gnolls
  3 white imps
  An ufetubus (D:7)
  6 orcs
26 creatures vanquished.

Vanquished Creatures (others)
  A wight (D:8)
  A white imp (D:8)
2 creatures vanquished.

Grand Total: 226 creatures vanquished

Notes
Turn   | Place    | Note
-------+----------+-------------------------------------------
     0 | D:1      | Faragor the Deep Elf Ice Elementalist began the quest for
                  | the Orb.
     0 | D:1      | Reached XP level 1. HP: 10/10 MP: 6/6
   214 | D:1      | Reached XP level 2. HP: 13/15 MP: 6/8
   544 | D:1      | Found a faded altar of an unknown god.
   955 | D:1      | Reached XP level 3. HP: 19/19 MP: 5/10
  1273 | D:2      | Found a burning altar of Makhleb.
  1342 | D:2      | Learned a level 3 spell: Frozen Ramparts
  1346 | D:2      | Learned a level 3 spell: Ozocubu's Armour
  2441 | D:2      | Found Deenual's Antique Armour Emporium.
  3310 | D:3      | Reached XP level 4. HP: 24/24 MP: 9/11
  3567 | D:3      | Reached skill level 4 in Spellcasting
  3567 | D:3      | Reached skill level 5 in Ice Magic
  3641 | D:3      | Found a glowing drain.
  3782 | Sewer    | Entered a sewer
  4451 | Sewer    | Reached XP level 5. HP: 17/28 MP: 3/13
  5182 | Sewer    | Reached skill level 5 in Spellcasting
  5600 | D:3      | Learned a level 4 spell: Summon Ice Beast
  6281 | D:4      | Reached skill level 5 in Stealth
  6281 | D:4      | Reached XP level 6. HP: 32/32 MP: 8/16
  6488 | D:4      | Learned a level 1 spell: Apportation
  6557 | D:4      | Noticed Natasha
  6558 | D:4      | Found a shimmering altar of Xom.
  6558 | D:4      | Found a blossoming altar of Fedhas.
  6642 | D:4      | Reached skill level 6 in Spellcasting
  7092 | D:4      | Reached XP level 7. HP: 10/36 MP: 9/18
  7285 | D:4      | Found a runed translucent door.
  7286 | D:4      | Noticed Crazy Yiuf
  7483 | D:5      | Entered Level 5 of the Dungeon
  7843 | D:5      | Reached skill level 7 in Spellcasting
  8655 | D:5      | Found a broken altar of Ashenzari.
 10139 | D:4      | Reached skill level 8 in Spellcasting
 10139 | D:4      | Reached XP level 8. HP: 41/41 MP: 14/22
 10925 | D:6      | Learned a level 3 spell: Hailstorm
 10997 | D:6      | Reached skill level 9 in Spellcasting
 11730 | D:6      | Reached skill level 10 in Spellcasting
 12212 | D:6      | Noticed a deep elf zephyrmancer
 12219 | D:6      | Killed a deep elf zephyrmancer
 12220 | D:6      | Reached XP level 9. HP: 21/45 MP: 3/25
 12965 | D:7      | Learned a level 3 spell: Call Canine Familiar
 12992 | D:7      | Found a shimmering blue altar of Sif Muna.
 13000 | D:7      | Became a worshipper of Sif Muna the Loreminder
 13045 | D:7      | Reached skill level 11 in Spellcasting
 13572 | D:7      | Found a staircase to the Ecumenical Temple.
 13936 | D:8      | Found a runed translucent gate.
 13936 | D:8      | Found a runed translucent gate.
 13937 | D:8      | Found a runed translucent gate.
 13974 | D:8      | Found an opulent altar of Gozag.
 13976 | D:8      | Noticed MrShunz's ghost (novice MiBe)
 13976 | D:8      | Noticed a boulder beetle
 13977 | D:8      | Noticed an efreet
 14379 | D:8      | Noticed a two-headed ogre
 14496 | D:8      | Noticed a two-headed ogre
 14513 | D:8      | Killed a two-headed ogre
 14513 | D:8      | Reached * piety under Sif Muna
 14514 | D:8      | Reached skill level 12 in Spellcasting
 14887 | D:8      | Killed a two-headed ogre
 14888 | D:8      | Reached skill level 10 in Stealth
 14888 | D:8      | Reached XP level 10. HP: 50/50 MP: 15/28
 15227 | D:9      | Reached skill level 13 in Spellcasting
 15285 | D:9      | Found Gozag's Platinum Reserve.
 15287 | D:9      | Found an opulent altar of Gozag.
 15849 | D:9      | Slain by a yak

Illustrated notes

Levels and vault maps discovered:
D:1:      elethiomel_arrival_maze, layout_loops_ring,
          nicolae_ecumenical_snake_handling
D:2:      layout_loops_ring, serial_shops, nicolae_shop_stone, basic_altar
D:3:      layout_basic, cheibrodos_sewer_entry_sluice
D:4:      layout_basic, nicolae_ru_path_of_blood,
          mainiacjoe_overflow_catwalk_spiral, minivault_26,
          hangedman_glass_teeth, uniq_crazy_yiuf_cottage, uniq_natasha
D:5:      layout_cave_pools, ashenzari_conservatory_becter, nrook_loot_triangle
D:6:      layout_rooms, guppyfry_early_elven_hall
D:7:      layout_cave_pools, mainiacjoe_overflow_surrounded_room,
          temple_hall_moat, minmay_misc_feat_enclosed, grunt_ministairs_9
D:8:      layout_basic, ebering_ghost_gozag
D:9:      layout_layer_cave, nicolae_gozag_zags_fifth_avenue,
          worldfamousw_hep_ancestral_shrine, serial_undead, serial_undead_c,
          serial_undead_e, serial_undead_d, serial_undead_e

Skill      XL: |  1  2  3  4  5  6  7  8  9 10 |
---------------+-------------------------------+-----
Stealth        | 3 4 5 6 8 10 | 10.3
Dodging        | 3 |  3.2
Spellcasting   | 4 5 6 8 10 12 13 | 13.4
Ice Magic      | 5 6 7 8 9 |  9.6

Action                     |  1- 3 |  4- 6 |  7- 9 | 10-12 || total
---------------------------+-------+-------+-------+-------++-------
  Melee: Unarmed           |     2 |       |       |       ||     2
         Dagger            |     1 |       |       |       ||     1
         Staff             |     7 |     2 |       |       ||     9
         Long sword        |       |       |       |     2 ||     2
   Cast: Freeze            |    69 |    77 |    79 |     1 ||   226
         Frozen Ramparts   |     2 |    17 |    38 |     2 ||    59
         Ozocubu's Armour  |     1 |     9 |    22 |     4 ||    36
         Apportation       |       |     1 |     4 |     1 ||     6
         Summon Ice Beast  |       |       |    24 |     4 ||    28
         Hailstorm         |       |       |     5 |     1 ||     6
         Call Canine Famil |       |       |     5 |     6 ||    11
  Evoke: Wand              |       |       |     1 |       ||     1
    Use: Scroll            |     5 |     4 |     3 |     5 ||    17
         Potion            |     3 |       |     2 |     1 ||     6
   Stab: Sleeping          |     1 |       |       |       ||     1
 Armour: Robe              |     9 |    14 |    36 |    23 ||    82
  Dodge: Dodged            |    30 |    26 |    76 |    44 ||   176

Table legend: (Time is in decaauts)
 A = Elapsed time spent in this place.
 B = Non-inter-level travel time spent in this place.
 C = Inter-level travel time spent in this place.
 D = Time resting spent in this place.
 E = Time spent auto-exploring this place.
 F = Levels seen in this place.
 G = Mean time per level.
                   A        B        C        D        E       F      G
               +--------+--------+--------+--------+--------+-----+--------+
         Total |  15866 |  15705 |    161 |   7954 |   1532 |  10 | 1586.6 |
       Dungeon |  14083 |  13922 |    161 |   6692 |   1532 |   9 | 1564.8 |
         Sewer |   1783 |   1783 |      0 |   1262 |      0 |   1 | 1783.0 |
               +--------+--------+--------+--------+--------+-----+--------+

Top non-repeatable levels by time:
     D:4: 2519 daAuts
     D:6: 2146 daAuts
     D:2: 1986 daAuts
   Sewer: 1783 daAuts
     D:5: 1728 daAuts
     D:1: 1268 daAuts
     D:8: 1239 daAuts
     D:3: 1217 daAuts
     D:7: 1200 daAuts
     D:9: 775 daAuts
